cohdb
Replays
Latest Replays
All Replays
Popular Replays
Top Player Replays
Match Explorer
How It Works
Community
CoH3 Stats
Reddit
Sign in to upload your games and track your stats! →
Sign in with Steam
Match 45977272
Unlisted
Match 45977272
Overview
Messages
Build Orders
End
Pioneer Squad
Construct Infanterie Kompanie
MG 42 Machine Gun Team
Selects Breakthrough Battlegroup
Selects Assault Grenadiers
Grenadier Squad
Grenadier Squad
Grenadier Squad
Construct Luftwaffe Kompanie
221 Scout Car
Selects Breakthrough
Selects Rapid Production
221 Scout Car
Medical Station
Breakthrough
Jäger Squad
Jäger Squad
Support Elements
Wirbelwind Flakpanzer
Breakthrough
Marder III M Tank Destroyer
Selects Blitzkrieg
Swan
FeriG
0
0
Comments
sign in to comment!
No comments posted yet!